 Dungeon Crawl Stone Soup version 0.21.1-1-g345015f (webtiles) character file.

1578 inc the Nimble (level 8, 31/34 HPs)
             Began as a Felid Transmuter on Mar 6, 2018.
             Was an Initiate of Gozag.
             Quit the game on level 7 of the Dungeon.
             The game lasted 00:19:11 (8933 turns).

inc the Nimble (Felid Transmuter)                   Turns: 8933, Time: 00:19:12

Health: 31/34      AC:  2    Str:  9    XL:     8   Next: 60%
Magic:  14/14      EV: 24    Int: 17    God:    Gozag
Gold:   269        SH:  0    Dex: 16    Spells: 6/13 levels left
                                        Lives:  1   Deaths: 1

rFire    . . .     SeeInvis +     - Unarmed
rCold    . . .     Gourm    .   (shield unavailable)
rNeg     . . .     Faith    .   (armour unavailable)
rPois    .         Spirit   .   (helmet unavailable)
rElec    .         Reflect  .   (cloak unavailable)
rCorr    .         Harm     .   (gloves unavailable)
MR       +....                  (boots unavailable)
Stlth    ++........             (no amulet)
HPRegen  0.11/turn              e - +3 ring of strength
MPRegen  0.14/turn              w - ring of wizardry

@: very slightly contaminated, invisible, quick
A: very small, no armour, no weapons or thrown items, stealth, claws 1, fangs 3,
see invisible, carnivore, speed 1, shaggy fur 2, slow metabolism 1, sharp paws
a: Potion Petition, Call Merchant, Bribe Branch, Renounce Religion


You were on level 7 of the Dungeon.
You worshipped Gozag.
Gozag was aware of your devotion.
You were not hungry.

You visited 1 branch of the dungeon, and saw 7 of its levels.

You collected 996 gold pieces.
You spent 63 gold pieces at shops.
You paid 664 gold pieces to Gozag.

Inventory:

Missiles
 a - 68 arrows
Jewellery
 e - a +3 ring of strength (left paw)
 w - a ring of wizardry (right paw)
Scrolls
 f - a scroll of enchant weapon
 i - 3 scrolls of remove curse
 k - 3 scrolls of teleportation
 m - 2 scrolls of immolation
 q - a scroll of magic mapping
Potions
 d - a potion of curing
 g - 2 potions of flight
 h - a potion of cancellation
 j - a potion of degeneration
 l - a potion of haste
 n - a potion of lignification
 t - a potion of agility
Books
 b - a book of Changes

   Spells                             Type                      Level
   a - Beastly Appendage              Transmutation                1
   b - Sticks to Snakes               Transmutation                2
   c - Spider Form                    Transmutation/Poison         3
   d - Ice Form                       Ice/Transmutation            4
   e - Blade Hands                    Transmutation                5
 r - a book of Misfortune

   Spells                             Type                      Level
   a - Confusing Touch                Hexes                        1
   b - Confuse                        Hexes                        3
   c - Gell's Gravitas                Translocation                3
   d - Petrify                        Transmutation/Earth          4
   e - Metabolic Englaciation         Hexes/Ice                    5
   f - Yara's Violent Unravelling     Hexes/Transmutation          5
 u - a book of Frost

   Spells                             Type                      Level
   a - Freeze                         Ice                          1
   b - Throw Frost                    Conjuration/Ice              2
   c - Ozocubu's Armour               Charms/Ice                   3
   d - Throw Icicle                   Conjuration/Ice              4
   e - Summon Ice Beast               Ice/Summoning                4
Comestibles
 c - 5 rations


   Skills:
 + Level 3.3 Fighting
 - Level 8.6 Dodging
 - Level 6.5 Unarmed Combat
 - Level 3.4 Spellcasting
 - Level 6.2 Transmutations


You had 6 spell levels left.
You knew the following spells:

 Your Spells              Type           Power        Failure   Level  Hunger
a - Beastly Appendage     Tmut           ###...       1%          1    None
b - Sticks to Snakes      Tmut           ###.....     1%          2    ##.....
c - Confusing Touch       Hex            #.....       7%          1    None
d - Ozocubu's Armour      Chrm/Ice       #.......     21%         3    ###....


Dungeon Overview and Level Annotations

Branches:
Dungeon (7/15)             Temple (0/1) D:4

Altars:
Ashenzari
Fedhas
Gozag
Okawaru

Shops:
D:7 *

Annotations:
D:6 Squonk's ghost, amateur DsTm


Innate Abilities, Weirdness & Mutations

You cannot wear armour.
You are incapable of wielding weapons or throwing items.
Your paws allow you to move quietly. (Stealth)
You have sharp claws.
You have razor-sharp teeth.
You have supernaturally acute eyesight. (SInv)
You are carnivorous and can eat meat at any time.
You cover ground quickly.
You are covered in thick fur. (AC +2)
You have a slow metabolism.
Your sharp claws are effective at attacking unaware monsters.


Message History

It was a scroll of fear.
As you read the scroll labeled ABBIED UGIF, it crumbles to dust.
It is a scroll of brand weapon.
You aren't carrying any weapons that can be branded.
As you read the scroll labeled BESMOY SEGU, it crumbles to dust.
It is a scroll of amnesia.
Okay, then.
As you read the scroll labeled KAOBESM AGANAASERCH, it crumbles to dust.
The scroll dissolves into smoke.
It was a scroll of fog.
As you read the scroll labeled QEIWEA PIBICE, it crumbles to dust.
The dust glows shining copper!
It was a scroll of random uselessness.
As you read the scroll labeled UQERYA OFFIS, it crumbles to dust.
It is a scroll of enchant weapon.
You aren't carrying any weapons that can be enchanted.
Okay, then.
It was a potion of invisibility.
You fade into invisibility!
You are very lightly contaminated with residual magic.
Okay, then.
Are you sure you want to abandon this character and quit the game? (Confirm with "yes".)

#..####### ##.#
#.# #.## #..
#..#
#..###########
##.#####
#..##.§§§§§..#
#.#...##
#..#.§§§§§§..##
#......#
#.....§§@§§...#
#......#
#.....§§§§§.###
##.....#
#.....§§§§§##
#.....#
#........###
#......
#..##.####
#.#.... #..####
#..#... #..#
#...... #..#
#...(.. #..#
#......


There were no monsters in sight!

Vanquished Creatures
  A hippogriff (D:4)
  A necrophage (D:5)
  An ogre (D:6)
  A centaur (D:6)
  A big kobold (D:7)
  A bullfrog (D:6)
  4 scorpions
  A wight (D:6)
  3 crimson imps
  2 orc priests
  2 bullfrog skeletons
  2 hounds
  2 iguanas
  6 orc wizards
  4 worker ants
  A hound skeleton (D:7)
  A worker ant zombie (D:7)
  7 adders
  2 gnolls (D:4)
  An ooze (D:6)
  An adder skeleton (D:7)
  A worm (D:3)
  2 dart slugs
  5 leopard geckos
  23 orcs
  9 giant cockroaches
  6 goblins
  6 hobgoblins
  9 jackals
  2 quokkas
  13 bats
  4 frilled lizards
  16 kobolds
  A leopard gecko skeleton (D:4)
  6 rats
148 creatures vanquished.

Vanquished Creatures (collateral kills)
  A black bear (D:7)
  A howler monkey (D:7)
  2 orc wizards
  3 gnolls
  A leopard gecko (D:7)
  5 orcs
13 creatures vanquished.

Vanquished Creatures (others)
  2 plants (D:5)
2 creatures vanquished.

Grand Total: 163 creatures vanquished

Notes
Turn   | Place    | Note
-------+----------+-------------------------------------------
     0 | D:1      | inc the Felid Transmuter began the quest for the Orb.
     0 | D:1      | Reached XP level 1. HP: 9/9 MP: 4/4
   167 | D:1      | Reached XP level 2. HP: 6/12 MP: 6/6
   798 | D:1      | Reached XP level 3. HP: 13/15 MP: 7/7
   897 | D:2      | Found a shattered altar of Ashenzari.
  2167 | D:2      | Reached XP level 4. HP: 10/19 MP: 6/8
  2369 | D:2      | Found an iron altar of Okawaru.
  2369 | D:2      | Found an opulent altar of Gozag.
  2396 | D:2      | Became a worshipper of Gozag Ym Sagoz the Greedy
  2401 | D:2      | Reached skill level 5 in Unarmed Combat
  3251 | D:3      | Reached XP level 5. HP: 18/22 MP: 7/9
  3339 | D:3      | Noticed an orc warrior
  3413 | D:2      | Learned a level 2 spell: Sticks to Snakes
  3717 | D:3      | Slain by an orc warrior
  3718 | D:3      | Reached XP level 4. HP: -5/19 MP: 4/8
  3775 | D:4      | Noticed a hippogriff
  3788 | D:4      | Killed a hippogriff
  3788 | D:4      | Reached XP level 5. HP: 7/22 MP: 4/9
  4028 | D:4      | Found a blossoming altar of Fedhas.
  4080 | D:4      | Reached skill level 5 in Transmutations
  4080 | D:4      | Gained mutation: You are covered in thick fur. (AC +2) [Felid growth]
  4080 | D:4      | Reached XP level 6. HP: 25/25 MP: 10/10
  4743 | D:4      | Found a staircase to the Ecumenical Temple.
  5637 | D:5      | Entered Level 5 of the Dungeon
  6010 | D:5      | Reached XP level 7. HP: 26/28 MP: 11/11
  6104 | D:5      | Reached skill level 3 in Dodging
  6326 | D:5      | Reached skill level 4 in Dodging
  6584 | D:5      | Reached skill level 5 in Dodging
  7055 | D:6      | Learned a level 1 spell: Confusing Touch
  7059 | D:6      | Learned a level 3 spell: Ozocubu's Armour
  7068 | D:6      | Found an opulent altar of Gozag.
  7240 | D:6      | Reached skill level 6 in Dodging
  7341 | D:6      | Reached skill level 7 in Dodging
  7376 | D:6      | Noticed Squonk's ghost (amateur DsTm)
  7382 | D:6      | Reached XP level 8. HP: 13/31 MP: 10/12
  7652 | D:7      | Reached skill level 8 in Dodging
  8925 | D:7      | Bought a scroll labeled RUG GAUNOWN for 21 gold pieces
  8925 | D:7      | Bought a scroll labeled ABBIED UGIF for 21 gold pieces
  8925 | D:7      | Bought a scroll labeled UDOYNAO VEHUDASTRE for 21 gold pieces
  8933 | D:7      | Quit the game

Skill      XL: |  1  2  3  4  5  6  7  8 |
---------------+-------------------------+-----
Unarmed Combat | 4 5 6 |  6.5
Transmutations | 4 5 6 |  6.2
Dodging        | 7 8 |  8.6
Spellcasting   | 3 |  3.4
Fighting       | 3 |  3.3

Action                   |  1- 3 |  4- 6 |  7- 9 || total
-------------------------+-------+-------+-------++-------
Melee: Unarmed           |   155 |   168 |   202 ||   525
       Bite              |     7 |    15 |    16 ||    38
       Punch             |     2 |     3 |     5 ||    10
       Headbutt          |     2 |    14 |    18 ||    34
 Cast: Beastly Appendage |     3 |    18 |    16 ||    37
       Sticks to Snakes  |       |    15 |    24 ||    39
Invok: Call Merchant     |       |       |     1 ||     1
  Use: Scroll            |       |     4 |    13 ||    17
       Potion            |       |       |     4 ||     4
 Stab: Sleeping          |     8 |     5 |     1 ||    14
       Distracted        |     1 |     1 |       ||     2
  Eat: Chunk             |     7 |     1 |       ||     8
       Ration            |       |     1 |     5 ||     6
Armor: Skin              |     8 |     8 |     8 ||    24
Dodge: Dodged            |   147 |   123 |   164 ||   434
